 Dungeon Crawl Stone Soup version 0.25.0-26-g0c896c7088 (webtiles) character file.

Game seed: 4895725871603751093

14 mortelune the Skirmisher (level 2, 0/36 HPs)
             Began as a Formicid Abyssal Knight on July 5, 2020.
             Was a Follower of Lugonu.
             Succumbed to a goblin's poison
             ... on level 1 of the Dungeon.
             The game lasted 00:01:05 (664 turns).

mortelune the Skirmisher (Formicid Abyssal Knight)   Turns: 664, Time: 00:01:06

Health: 0/36       AC: 21    Str: 15 (16) XL:     2   Next: 60%
Magic:  3/3        EV:  2    Int:  8 (11) God:    Lugonu [*.....]
Gold:   26         SH:  0    Dex:  7 (10) Spells: 1/1 levels left

rFire    . . .     SeeInvis .   a - +1 hand axe
rCold    . . .     Gourm    .   (no shield)
rNeg     + + +     Faith    .   (armour currently unavailable)
rPois    +         Spirit   .   (helmet unavailable)
rElec    .         Reflect  .   (cloak currently unavailable)
rCorr    .         Harm     .   (gloves currently unavailable)
MR       .....                  (boots currently unavailable)
Stlth    +.........             (no amulet)
HPRegen  0.12/turn              (no ring)
MPRegen  0.08/turn              (no ring)

@: lethally poisoned (0 -> -8), tree-form (expiring)
A: permanent stasis, dig shafts and tunnels, four strong arms
a: Depart the Abyss, Renounce Religion


You were on level 1 of the Dungeon.
You worshipped Lugonu.
Lugonu was aware of your devotion.
You were not hungry.
You were a tree.
You visited 1 branch of the dungeon, and saw 1 of its levels.
You visited the Abyss 1 time.

You collected 26 gold pieces.

Inventory:

Hand Weapons
 a - a +1 hand axe (weapon)
Armour
 b - a +0 leather armour (melded)
Scrolls
 i - a scroll of identify
Potions
 h - a potion of lignification
Comestibles
 c - 2 rations


   Skills:
 + Level 3.5 Fighting
 * Level 2.5 Axes
 + Level 2.5 Armour
 - Level 0.8 Dodging
 - Level 2.1 Invocations


You had one spell level left.
You didn't know any spells.
Your spell library was empty.

Dungeon Overview and Level Annotations

Branches:
Dungeon (1/15)

Altars:


Innate Abilities, Weirdness & Mutations

You cannot be hasted, slowed, berserked, paralysed or teleported.
You can dig through walls and to a lower floor.
Your four strong arms can wield two-handed weapons with a shield.
((You have a pair of large antennae on your head. (SInv)))


Message History

You don't have any unidentified items.
i - a scroll of identify
* * * LOW HITPOINT WARNING * * *
You feel sick.
Really quaff the potion of lignification?
You are stuck in your current form!
There is a lethal amount of poison in your body!
You cannot move.
You cannot move.
* * * LOW HITPOINT WARNING * * *
You feel sick. The dart slug launches a dart at you. The slug dart misses you.
* * * LOW HITPOINT WARNING * * *
You feel sick.
* * * LOW HITPOINT WARNING * * *
You feel sick.
* * * LOW HITPOINT WARNING * * *
You feel sick.
You die...

........................
#.####................#.
...........######...#.
..............(..#...#.
.####.#+###+#.#.###...#.
...#. ####.#.#...(...#.
.. ..................##.
....#.#####..##.......#.
....'w?♣#.............#.
....#.#.#..#.##...#.#.#.
. # #(#..#.#....#.#.#.
#(#..{..≈...#.#.#.
#.##.#≈.≈.#.#.#.#.
#(##....≈...#.#.#.
#†##....≈...#.#.#.
#.#.##....≈####.#.#.
#.#)##.#..≈.....#.#.


You could see a dart slug.

Vanquished Creatures
  3 dart slugs (D:1)
  A goblin (D:1)
  2 hobgoblins (D:1)
  A kobold (D:1)
  A bat (D:1)
8 creatures vanquished.

Vanquished Creatures (others)
  4 toadstools (D:1)
4 creatures vanquished.

Grand Total: 12 creatures vanquished

Notes
Turn   | Place    | Note
-------+----------+-------------------------------------------
     0 | Abyss:1  | mortelune the Formicid Abyssal Knight began the quest for
                  | the Orb.
     0 | Abyss:1  | Reached XP level 1. HP: 18/18 MP: 2/2
    75 | Abyss:1  | Noticed a large abomination
    76 | D:1      | Escaped the Abyss
   296 | D:1      | Reached XP level 2. HP: 14/24 MP: 3/3
   656 | D:1      | Reached * piety under Lugonu
   661 | D:1      | HP: 1/36 [poisoned by a goblin]
   664 | D:1      | Succumbed to a goblin's poison

Illustrated notes

Levels and vault maps discovered:
D:1:      ldierk_walled_garden_2, layout_basic, chequers_serial_rivers_micro_e

Action                   || total
-------------------------++-------
Melee: Hand axe          ||    36
Invok: Depart the Abyss  ||     1
  Use: Scroll            ||     2
       Potion            ||     2
Armor: Leather armour    ||     9
       Skin              ||     6
Dodge: Dodged            ||    18
